 Dungeon Crawl Stone Soup version 0.19-a0-1511-g16f215b (webtiles) character file.

43790 Leszczynek the Bludgeoner (level 14, -3/148 HPs)
             Began as an Ogre Necromancer on Sept 10, 2016.
             Was the Champion of Nemelex Xobeh.
             Slain by a harpy (5 damage)
             ... on level 2 of the Shoals on Sept 11, 2016.
             The game lasted 01:49:49 (15963 turns).

Leszczynek the Bludgeoner (Ogre Necromancer)       Turns: 15963, Time: 01:49:51

Health: -3/148     AC: 12    Str: 18    XL:     14   Next: 25%
Magic:  20/20      EV: 14    Int: 14    God:    Nemelex Xobeh [******]
Gold:   676        SH:  0    Dex: 12    Spells: 7 memorised, 1 level left

rFire  + + .     SeeInvis .     a - +9 giant club (protect)
rCold  + . .     Gourm    .     F - +0 troll leather armour
rNeg   + . .     Faith    .     (shield currently unavailable)
rPois  .         Spirit   .     (helmet restricted)
rElec  .         Dismiss  .     O - +1 cloak {MR+}
rCorr  .         Reflect  .     (gloves unavailable)
MR     ++...     Harm     .     (boots unavailable)
Stlth  +......... Clarity  +    i - amulet of regeneration
                                S - ring of protection from fire
                                g - ring of positive energy

@: no status effects
A: unfitting armour, clarity, cold resistance 1, fire resistance 1, tough skin 1
a: Triple Draw, Deal Four, Stack Five, Renounce Religion


You were on level 2 of the Shoals.
You worshipped Nemelex Xobeh.
Nemelex Xobeh was exalted by your worship.
You were not hungry.

You visited 5 branches of the dungeon, and saw 23 of its levels.
You also visited: Labyrinth, Sewer and Ice Cave.

You collected 1477 gold pieces.
You spent 801 gold pieces at shops.

Inventory:

Hand Weapons
 a - a +9 giant club of protection (weapon)
 X - the +5 great mace of Dishonour {elec, *Confuse rF+++ rC+ rN+}
   (You found it in an ice cave)

   Occasionally, upon striking a foe, it will discharge some electrical energy
   and cause terrible harm.
   It renders you almost immune to fire.
   It protects you from cold.
   It protects you from negative energy.
   It may confuse you when you take damage.
Missiles
 b - 9 javelins
 N - 30 tomahawks (quivered)
 R - 9 large rocks
 V - 2 throwing nets
Armour
 f - a +1 cloak of poison resistance
 F - a +0 troll leather armour (worn)
 O - a +1 cloak of magic resistance (worn)
Rods
 x - a +9 lightning rod (10/10)
   (You found it in a labyrinth)
 z - a +0 iron rod (12/12)
   (You bought it in a shop on level 2 of the Orcish Mines)
Jewellery
 g - a ring of positive energy (left hand)
 i - an amulet of regeneration (around neck)
 S - a ring of protection from fire (right hand)
Wands
 q - a wand of acid (6/15)
 s - a wand of iceblast (3/15)
 C - a wand of disintegration (5/24)
 M - a wand of enslavement (11/24)
 P - a wand of paralysis (14/24)
 Y - a wand of lightning (4/15)
Scrolls
 c - a scroll of teleportation
 o - 2 scrolls of blinking
 p - 2 scrolls of recharging
 y - 3 scrolls of magic mapping
 Q - 7 scrolls of remove curse
Potions
 e - 3 potions of heal wounds
 h - 2 potions of cancellation
 l - 3 potions of might
 m - 2 potions of flight
 n - 8 potions of curing
 r - 5 potions of magic
 u - 2 potions of agility
 v - 2 potions of cure mutation
 B - 4 potions of lignification
 E - 2 potions of resistance
 J - a potion of invisibility
 L - a potion of haste
Miscellaneous
 t - an ornate deck of summoning
 w - a plain deck of summoning
 A - a plain deck of escape
 D - an ornate deck of summoning
 G - a legendary deck of escape
 H - a plain deck of destruction
 I - a legendary deck of summoning
 K - an ornate deck of destruction
 T - an ornate deck of destruction {drawn: 2}
 U - a legendary deck of destruction
 W - a legendary deck of summoning
Comestibles
 d - 7 bread rations
 k - 7 meat rations
 Z - 5 chunks of flesh


   Skills:
 - Level 11.7 Fighting
 - Level 17.0 Maces & Flails
 * Level 6.3 Throwing
 - Level 9.1 Dodging
 - Level 1.5 Stealth
 - Level 2.4 Spellcasting
 - Level 3.0 Charms
 - Level 2.9 Necromancy
 + Level 2.8 Translocations
 - Level 9.1 Invocations
 - Level 8.0 Evocations


You had one spell level left.
You knew the following spells:

 Your Spells              Type           Power        Failure   Level  Hunger
a - Pain                  Necr           ##..         10%         1    #......
b - Animate Skeleton      Necr           N/A          10%         1    #......
c - Control Undead        Necr           ##........   80%         4    #####..
d - Silence               Hex/Air        #.........   100%        5    ######.
e - Apportation           Tloc           #.........   12%         1    #......
f - Summon Butterflies    Summ           #.......     28%         1    #......
q - Regeneration          Chrm/Necr      ##........   24%         3    ###....


Dungeon Overview and Level Annotations

Branches:
Dungeon (12/15)            Temple (0/1) D:7            Lair (6/6) D:8
 Shoals (2/4) Lair:4       Spider (1/4) Lair:3        Slime (0/5) Lair:6
    Orc (2/2) D:10            Elf (0/3) Orc:2

Altars:
Ashenzari
Gozag
Nemelex Xobeh
Okawaru
Qazlal
Ru
Trog
Uskayaw
Zin
Beogh

Shops:
D:5 !%[*   D:11 }   Orc:2 (*[(

Portals:
Trove: D:10 (show abyssal rune of Zot)

Annotations:
D:3 sky beast
D:6 exclusion: electric eel
D:7 bees
D:8 bees
D:10 unseen horror
D:11 8h hydra
D:12 manticore, troll, 5h hydra
Lair:3 spider NE corner, Nergalle
Lair:4 exclusion: downstairs
Lair:5 death yaks
Lair:6 spriggan forest and a lot of shit flying around, 4thArraOfDagon's ghost, journeyman MiBe
Spider:1 aizul guarding entrance, Aizul
Orc:2 Saint Roka


Innate Abilities, Weirdness & Mutations

You are too large for most types of armour.
You have tough skin. (AC +1)
You possess an exceptional clarity of mind.
Your flesh is cold resistant. (rC+)
Your flesh is heat resistant. (rF+)


Message History

The harpy closely misses you. The harpy misses you.
The harpy barely misses you. The harpy claws you but does no damage.
The harpy misses you. The harpy claws you.
* * * LOW HITPOINT WARNING * * *
The harpy misses you. The harpy closely misses you.
Unknown command.
The harpy screeches!
You hear an angry hiss.
The harpy claws you but does no damage. The harpy claws you.
* * * LOW HITPOINT WARNING * * *
The harpy claws you!
* * * LOW HITPOINT WARNING * * *
The harpy claws you but does no damage. The harpy claws you!
* * * LOW HITPOINT WARNING * * *
The harpy claws you.
* * * LOW HITPOINT WARNING * * *
The harpy closely misses you. The harpy claws you but does no damage.
The harpy completely misses you. The harpy barely misses you.
The harpy claws you.
You die...
Your body glows slightly and disappears.

≈≈...≈≈≈....######
≈≈.≈≈≈≈≈≈...##...## ≈
≈≈≈≈≈≈≈≈.).##(...(# ≈≈
≈≈≈≈≈≈≈≈..)##..#..# ≈≈≈
≈≈≈≈.≈≈≈...##.....# ≈≈≈≈
≈≈≈....≈...##≈≈#≈≈# .≈≈≈≈
≈≈≈###.≈....##≈†≈##..≈≈≈≈
≈≈##..≈H...........≈≈≈≈≈
≈≈....†@≈..........≈≈≈≈≈
≈≈....HHH≈≈≈≈≈≈.....≈≈≈≈
≈≈≈...≈≈≈≈≈≈≈P.......≈≈≈≈
≈.....≈≈≈≈≈≈((..P....≈≈≈≈
≈.......≈.(P..P....P.≈≈≈≈
.###.........P.P....≈≈≈≈
##................≈≈≈
#..≈≈......PE....


You could see 4 harpies.

Vanquished Creatures
  3 hydras
  A merfolk aquamancer (Shoals:1)
  2 death yaks
  Urug (Lair:5)
  2 sea snakes
  A hill giant (D:10)
  6 harpies
  An orc knight (Orc:2)
  An orb spider (Spider:1)
  A wolf spider (Spider:1)
  2 griffons
  An ugly thing (IceCv)
  A manticore (Shoals:1)
  3 orc sorcerers (Orc:2)
  2 sirens (Shoals:2)
  5 elephants
  2 cyclopes (Shoals:2)
  2 black mambas
  8 spiny frogs
  A komodo dragon (D:8)
  2 merfolk (Shoals:2)
  4 trolls
  A wind drake (Shoals:2)
  A boulder beetle (Lair:4)
  A slime creature (D:8)
  A snapping turtle (Shoals:2)
  3 blink frogs (Lair:6)
  A minotaur skeleton (Lab)
  2 water elementals (Shoals:1)
  4 wraiths (Lair:5)
  2 redbacks (Lair:3)
  2 hogs (Lair:6)
  A wyvern (D:10)
  18 yaks
  5 hippogriffs
  2 hungry ghosts
  A warg (Orc:2)
  A soldier ant (D:10)
  7 water moccasins
  8 porcupines
  7 ice beasts
  2 sky beasts (D:11)
  3 black bears
  11 ogres
  27 orc warriors
  A phantom (D:10)
  A necrophage (D:6)
  6 wolves
  6 centaurs
  2 crocodiles
  4 big kobolds
  6 giant frogs
  2 killer bees (D:8)
  4 scorpions
  7 wights
  2 howler monkeys (D:9)
  5 crimson imps
  A giant frog zombie (D:11)
  A centaur zombie (D:5)
  4 jellies
  A quasit (D:11)
  4 hounds
  7 orc priests
  An iguana (Lair:1)
  13 orc wizards
  A hound zombie (D:9)
  A howler monkey skeleton (D:8)
  A worker ant zombie (D:11)
  4 gnolls
  10 adders
  39 river rats
  2 shadow imps
  2 oozes
  5 dart slugs
  3 worms (Sewer)
  4 giant geckos
  55 orcs
  A ball python (Sewer)
  7 giant cockroaches
  6 goblins
  4 hobgoblins
  3 jackals (D:3)
  6 quokkas
  5 bats
  A giant gecko zombie (D:6)
  A giant newt (D:1)
  22 kobolds
  10 rats
  2 fungi (Lair:5)
  2 plants (Lab)
438 creatures vanquished.

Vanquished Creatures (collateral kills)
  Kirke (Lair:6)
  An orc warlord (Orc:2)
  The ghost of ThereIsNoGod the Severer, a journeyman MiGl of Makhleb (Lair:6)
  Josephine (Lair:5)
  A minotaur (Lab)
  Fannar (D:10)
  The ghost of ThereIsNoGod the Covert, a journeyman SpAs of Gozag (D:10)
  An orc sorcerer (Orc:2)
  Maurice (D:10)
  A black mamba (Lair:4)
  An elephant (Lair:3)
  A troll (Orc:2)
  A two-headed ogre (D:10)
  A boulder beetle (Lair:4)
  3 slime creatures (D:8)
  A wraith (Lair:5)
  A water elemental (Shoals:1)
  Sigmund (D:5)
  4 yaks
  A hog (Lair:6)
  A steam dragon (D:8)
  A mottled dragon (Lair:6)
  9 orc warriors (Orc:2)
  An ice beast (D:6)
  2 ogres (Orc:1)
  A wolf (Lair:3)
  A crocodile (Lair:3)
  2 giant frogs
  5 wights
  A crimson imp (D:7)
  2 orc priests
  A centaur zombie (D:10)
  An iguana (Lair:1)
  4 orc wizards
  A worker ant (D:7)
  A worker ant zombie (D:5)
  3 river rats
  2 giant geckos (D:5)
  16 orcs
  A kobold (D:8)
  A quokka (D:8)
  A ball python (D:7)
  A giant gecko skeleton (D:10)
  A plant (Lair:2)
85 creatures vanquished.

Vanquished Creatures (others)
  4 fungi
  2 plants
6 creatures vanquished.

Grand Total: 529 creatures vanquished

Notes
Turn   | Place    | Note
-------+----------+-------------------------------------------
     0 | D:1      | Leszczynek the Ogre Necromancer began the quest for the Orb.
     0 | D:1      | Reached XP level 1. HP: 16/16 MP: 3/3
     2 | D:1      | Learned a level 1 spell: Animate Skeleton
    32 | D:1      | Reached skill level 1 in Fighting
   103 | D:1      | Reached skill level 2 in Fighting
   103 | D:1      | Reached XP level 2. HP: 10/28 MP: 0/5
   262 | D:1      | Reached skill level 1 in Maces & Flails
   426 | D:1      | Found a sparkling altar of Nemelex Xobeh.
   450 | D:1      | Became a worshipper of Nemelex Xobeh the Trickster
   559 | D:2      | Reached skill level 2 in Maces & Flails
   561 | D:2      | Reached XP level 3. HP: 28/36 MP: 1/6
   680 | D:2      | Received a gift from Nemelex Xobeh
   767 | D:2      | Reached skill level 3 in Maces & Flails
   995 | D:2      | Found a shattered altar of Ashenzari.
   995 | D:2      | Found a stormy altar of Qazlal.
  1127 | D:3      | Reached XP level 4. HP: 30/44 MP: 2/7
  1134 | D:3      | okay, this is a decent start
  1224 | D:3      | Reached skill level 4 in Maces & Flails
  1224 | D:3      | Reached skill level 1 in Invocations
  1356 | D:3      | Noticed a sky beast
  1462 | D:4      | Reached * piety under Nemelex Xobeh
  1463 | D:4      | teleport traps fucking everywhere
  1475 | D:4      | Received a gift from Nemelex Xobeh
  1548 | D:4      | Received a gift from Nemelex Xobeh
  1714 | D:5      | Entered Level 5 of the Dungeon
  1724 | D:5      | Noticed a giant frog
  1731 | D:5      | Killed a giant frog
  1731 | D:5      | Reached skill level 5 in Maces & Flails
  1731 | D:5      | Reached XP level 5. HP: 46/50 MP: 8/8
  1734 | D:5      | Reached skill level 2 in Invocations
  1742 | D:5      | Found Defit's General Store.
  1750 | D:5      | Bought 4 tomahawks for 22 gold pieces
  1803 | D:5      | Noticed Sigmund
  1817 | D:5      | Killed Sigmund
  1817 | D:5      | Reached skill level 6 in Maces & Flails
  1817 | D:5      | Reached XP level 6. HP: 44/58 MP: 9/9
  1875 | D:5      | Found Seabbiap's Distillery.
  1885 | D:5      | Bought a potion of lignification for 33 gold pieces
  1946 | D:5      | Reached skill level 7 in Maces & Flails
  1946 | D:5      | Reached skill level 3 in Invocations
  1979 | D:5      | Found Guehua's Food Shoppe.
  1990 | D:5      | Found a glowing drain.
  2004 | Sewer    | Entered a sewer
  2073 | Sewer    | Reached XP level 7. HP: 60/66 MP: 10/10
  2115 | Sewer    | Reached ** piety under Nemelex Xobeh
  2252 | Sewer    | Reached skill level 4 in Invocations
  2333 | Sewer    | Reached skill level 8 in Maces & Flails
  2387 | Sewer    | xl 7
  2387 | Sewer    | +1 morningstar
  2387 | Sewer    | still can't win a 2v1 against an adder
  2387 | Sewer    | O G R E S
  2816 | D:5      | Found Gith's Antique Armour Emporium.
  3086 | D:7      | Reached skill level 9 in Maces & Flails
  3086 | D:7      | Reached XP level 8. HP: 57/74 MP: 9/11
  3110 | D:7      | Reached skill level 5 in Invocations
  3178 | D:7      | Reached skill level 10 in Maces & Flails
  3267 | D:7      | Found a staircase to the Ecumenical Temple.
  3348 | D:7      | Received a gift from Nemelex Xobeh
  3487 | D:6      | Reached skill level 3 in Fighting
  3508 | D:5      | Bought a silken robe for 125 gold pieces
  3518 | D:5      | Identified the +1 robe of the Carpenter {rC+} (You bought it in a shop on level 5 of the Dungeon)
  3644 | D:6      | Reached skill level 4 in Fighting
  3769 | D:6      | Found a bloodstained altar of Trog.
  3809 | D:6      | Reached skill level 6 in Invocations
  3827 | D:5      | Received a gift from Nemelex Xobeh
  3888 | D:7      | Noticed a dagger
  3891 | D:7      | Found a hide-covered altar of Uskayaw.
  3893 | D:7      | Noticed a hand axe
  4062 | D:8      | Noticed a slime creature
  4087 | D:8      | Killed a slime creature
  4087 | D:8      | Reached skill level 5 in Fighting
  4087 | D:8      | Reached skill level 11 in Maces & Flails
  4087 | D:8      | Reached XP level 9. HP: 26/89 MP: 13/13
  4195 | D:8      | Reached skill level 6 in Fighting
  4421 | D:8      | Reached skill level 7 in Fighting
  4664 | D:9      | Reached *** piety under Nemelex Xobeh
  4695 | D:8      | Reached skill level 7 in Invocations
  4874 | D:9      | Reached skill level 8 in Fighting
  4971 | D:9      | Reached skill level 2 in Dodging
  5007 | D:10     | Entered Level 10 of the Dungeon
  5067 | D:10     | Reached skill level 12 in Maces & Flails
  5108 | D:10     | Found a staircase to the Orcish Mines.
  5113 | D:10     | Found a portal to a secret trove of treasure.
  5124 | D:10     | trove: abyssal rune
  5145 | D:10     | Reached XP level 10. HP: 61/104 MP: 15/15
  5340 | D:9      | Found an opulent altar of Gozag.
  5340 | D:9      | Found a glowing silver altar of Zin.
  5458 | D:9      | Reached skill level 3 in Dodging
  5482 | D:9      | Reached skill level 8 in Invocations
  5548 | D:9      | Reached skill level 13 in Maces & Flails
  5805 | D:10     | Noticed a hill giant
  5865 | D:10     | Received a gift from Nemelex Xobeh
  6319 | D:11     | Gained mutation: Your flesh is cold resistant. (rC+) [mutagenic meat]
  6322 | D:11     | Gained mutation: Your flesh is heat resistant. (rF+) [mutagenic meat]
  6325 | D:11     | Gained mutation: You evolve. [mutagenic meat]
  6325 | D:11     | wow
  6663 | D:12     | Noticed a hill giant
  6806 | D:11     | Reached skill level 4 in Dodging
  7039 | D:11     | Noticed an eight-headed hydra
  7067 | D:11     | Gained mutation: You possess an exceptional clarity of mind. [evolution]
  7067 | D:11     | Lost mutation: You evolve. [end of evolution]
  7121 | D:11     | Found Ohae's Gadget Shoppe.
  7253 | D:10     | Reached skill level 14 in Maces & Flails
  7371 | D:10     | Killed a hill giant
  7371 | D:10     | Reached skill level 9 in Fighting
  7371 | D:10     | Reached XP level 11. HP: 30/115 MP: 17/17
  7551 | D:12     | Noticed a manticore
  7608 | D:11     | Reached skill level 5 in Dodging
  7709 | D:12     | Noticed a five-headed hydra
  7776 | D:10     | You fall through a shaft!
  7785 | D:10     | Noticed ThereIsNoGod's ghost (journeyman SpAs)
  7785 | D:10     | spriggan ghost with an elec weapon
  7785 | D:10     | suuuure
  7789 | D:10     | Killed ThereIsNoGod's ghost
  7840 | D:10     | Noticed Fannar
  7856 | D:10     | Noticed Maurice
  7859 | D:10     | Killed Fannar
  7866 | D:10     | Killed Maurice
  7866 | D:10     | Reached skill level 15 in Maces & Flails
  8137 | D:10     | Reached **** piety under Nemelex Xobeh
  8137 | D:10     | Received a gift from Nemelex Xobeh
  8297 | D:9      | Found a sacrificial altar of Ru.
  8436 | D:8      | Found an iron altar of Okawaru.
  8446 | D:8      | Found a staircase to the Lair.
  8495 | D:8      | Reached skill level 10 in Fighting
  8533 | Lair:1   | Entered Level 1 of the Lair of Beasts
  8548 | Lair:1   | Upgraded the game from 0.19-a0-1498-g0b85ae9 to 0.19-a0-1511-g16f215b
  8657 | Orc:1    | Entered Level 1 of the Orcish Mines
  8689 | Orc:1    | Found a frozen archway.
  8699 | IceCv    | Entered an ice cave
  8723 | IceCv    | Reached skill level 1 in Evocations
  8725 | IceCv    | Received a gift from Nemelex Xobeh
  8739 | IceCv    | Got a steaming great mace
  8741 | IceCv    | Noticed a white ugly thing
  8757 | IceCv    | Killed a white ugly thing
  8763 | IceCv    | Identified the +5 great mace of Dishonour {elec, *Confuse rF+++ rC+ rN+} (You found it in an ice cave)
  8764 | IceCv    | huh
  9081 | Orc:2    | Entered Level 2 of the Orcish Mines
  9081 | Orc:2    | Found a staircase to the Elven Halls.
  9190 | Orc:2    | Reached skill level 6 in Dodging
  9282 | Orc:2    | Found a roughly hewn altar of Beogh.
  9447 | Orc:2    | Reached skill level 2 in Evocations
  9448 | Orc:2    | Noticed an orc warlord
  9488 | Orc:1    | Reached skill level 16 in Maces & Flails
  9648 | Orc:2    | Noticed an orc knight
  9650 | Orc:2    | Noticed an orc sorcerer
  9655 | Orc:2    | Noticed an orc sorcerer
  9655 | Orc:2    | Noticed Saint Roka
  9665 | Orc:1    | Received a gift from Nemelex Xobeh
  9863 | Orc:2    | Learned a level 3 spell: Regeneration
 10014 | Orc:2    | Found a roughly hewn altar of Beogh.
 10035 | Orc:2    | this 10% sure looks like 30-40%
 10055 | Orc:2    | Killed an orc knight
 10055 | Orc:2    | Reached XP level 12. HP: 95/126 MP: 18/18
 10060 | Orc:2    | the last 9 castings: 5 successes, 4 failures
 10060 | Orc:2    | at 10% failure
 10090 | Orc:2    | Found a roughly hewn altar of Beogh.
 10130 | Orc:2    | Found a roughly hewn altar of Beogh.
 10200 | Orc:2    | HP: 8/126 [orc warlord/great sword of protection (26)]
 10206 | Orc:2    | 5 hostile hornets at 8.6 invocations
 10206 | Orc:2    | from a legendary deck
 10206 | Orc:2    | never use summons in emergency, they will fuck you over
 10206 | Orc:2    | they WILL
 10206 | Orc:2    | i should've learned this lesson with makhleb
 10247 | Orc:2    | Reached skill level 3 in Evocations
 10248 | Orc:2    | Killed an orc warlord
 10671 | Orc:2    | Noticed a soul eater
 10678 | Orc:2    | Paralysed by an orc sorcerer for 4 turns
 10681 | Orc:2    | Noticed a soul eater
 10688 | Orc:2    | Reached skill level 7 in Dodging
 11053 | Orc:2    | Found Xiw Axergh's Antique Weapon Emporium.
 11054 | Orc:2    | Found a roughly hewn altar of Beogh.
 11056 | Orc:2    | Found Cisol's Antique Armour Shoppe.
 11068 | Orc:2    | ice dragon armour for 1.4k
 11278 | Orc:2    | Reached skill level 17 in Maces & Flails
 11279 | Orc:2    | Found a roughly hewn altar of Beogh.
 11294 | Orc:2    | Found Xicoa's Assorted Antiques.
 11299 | Orc:2    | Bought a scroll of teleportation for 111 gold pieces
 11299 | Orc:2    | Bought a lumpy white potion for 33 gold pieces
 11299 | Orc:2    | Bought a short runed rod for 444 gold pieces
 11299 | Orc:2    | Bought a fuming blue potion for 33 gold pieces
 11357 | Orc:2    | Reached skill level 4 in Evocations
 11394 | Orc:2    | Found a roughly hewn altar of Beogh.
 11412 | Orc:2    | Found Nudwog's Weapon Emporium.
 11598 | Lair:1   | Learned a level 4 spell: Control Undead
 11604 | Lair:1   | Learned a level 5 spell: Silence
 11689 | Lair:1   | regen amulet!
 11717 | Lair:2   | Received a gift from Nemelex Xobeh
 11806 | Lair:2   | Received a gift from Nemelex Xobeh
 11875 | Lair:4   | Noticed an eight-headed hydra
 11878 | Lair:4   | Killed an eight-headed hydra
 11908 | Lair:4   | Reached skill level 5 in Evocations
 11934 | Lair:4   | Reached ***** piety under Nemelex Xobeh
 11939 | Lair:4   | Received a gift from Nemelex Xobeh
 12081 | Lair:4   | Found a staircase to the Shoals.
 12095 | Lair:4   | Received a gift from Nemelex Xobeh
 12187 | Lair:4   | Reached skill level 8 in Dodging
 12221 | Lair:5   | Noticed Josephine
 12421 | Lair:3   | Reached skill level 6 in Evocations
 12512 | Lair:4   | Reached XP level 13. HP: 65/133 MP: 17/19
 12543 | Lair:4   | Reached skill level 7 in Evocations
 12876 | Lair:2   | Received a gift from Nemelex Xobeh
 13013 | Lair:1   | Received a gift from Nemelex Xobeh
 13336 | Lair:3   | Noticed Nergalle
 13571 | Lair:5   | Reached skill level 9 in Dodging
 13581 | Lair:4   | Reached skill level 8 in Evocations
 13654 | Lair:5   | Received a gift from Nemelex Xobeh
 13788 | Lair:5   | Reached ****** piety under Nemelex Xobeh
 13924 | Lair:5   | Killed Josephine
 13924 | Lair:5   | Reached skill level 1 in Throwing
 13938 | Lair:5   | Reached skill level 1 in Charms
 13945 | Lair:5   | Noticed Urug
 13961 | Lair:5   | Killed Urug
 14036 | Lair:6   | Entered Level 6 of the Lair of Beasts
 14040 | Lair:6   | Noticed 4thArraOfDagon's ghost (journeyman MiBe)
 14040 | Lair:6   | god damn it 4tharra
 14040 | Lair:6   | aren't you a better player than me
 14041 | Lair:6   | Reached skill level 11 in Fighting
 14106 | Lair:6   | Noticed ThereIsNoGod's ghost (journeyman MiGl)
 14114 | Lair:6   | Received a gift from Nemelex Xobeh
 14131 | Lair:6   | Killed ThereIsNoGod's ghost
 14131 | Lair:6   | Reached skill level 2 in Charms
 14177 | Lair:6   | Found a labyrinth entrance.
 14194 | Lab      | Entered a labyrinth
 14465 | Lab      | god fucking damn it
 14595 | Lab      | Received a gift from Nemelex Xobeh
 14597 | Lab      | at least i get decks for this bullshit
 14665 | Lab      | ok, this is a dead end too
 14737 | Lab      | Noticed a minotaur
 14750 | Lab      | Killed a minotaur
 14766 | Lab      | Got a fine robe
 14777 | Lab      | Identified the +0 robe of the Hare {-Cast Int+2 Stlth+} (You found it in a labyrinth)
 14844 | Lair:6   | Noticed Kirke
 14873 | Lair:6   | Killed Kirke
 14873 | Lair:6   | Reached skill level 9 in Invocations
 14949 | Lair:6   | Found a staircase to the Slime Pits.
 15043 | Lair:6   | ah, there two ghosts here, ok
 15151 | Lair:5   | Received a gift from Nemelex Xobeh
 15213 | Lair:3   | Found a hole to the Spider Nest.
 15235 | Lair:3   | Reached skill level 3 in Charms
 15265 | Spider:1 | Entered Level 1 of the Spider Nest
 15289 | Spider:1 | Reached skill level 2 in Throwing
 15325 | Spider:1 | Learned a level 1 spell: Apportation
 15327 | Spider:1 | Learned a level 1 spell: Summon Butterflies
 15332 | Spider:1 | Noticed Aizul
 15332 | Spider:1 | oh come on
 15449 | Shoals:1 | Entered Level 1 of the Shoals
 15478 | Shoals:2 | Reached skill level 3 in Throwing
 15495 | Shoals:1 | Reached skill level 1 in Translocations
 15532 | Shoals:1 | Reached XP level 14. HP: 121/148 MP: 20/20
 15581 | Shoals:2 | uh huh
 15631 | Shoals:2 | Reached skill level 4 in Throwing
 15797 | Shoals:1 | Reached skill level 5 in Throwing
 15797 | Shoals:1 | Reached skill level 2 in Translocations
 15934 | Shoals:2 | Reached skill level 6 in Throwing
 15963 | Shoals:2 | HP: 3/148 [harpy (15)]
 15963 | Shoals:2 | Slain by a harpy

Vault maps used:
D:1:      dpeg_arrival_shrine, nemelex_altar_shiori
D:2:      lemuel_round_altar, gammafunk_temple_overflow_claw,
          gammafunk_temple_overflow_wave, roderic_ancient_swastika, st_stairs_9,
          kennysheep_nondescript
D:3:      lemuel_coloured_pillars_altar, first_bread
D:4:      minmay_door_path, minmay_misc_feat_doors, minmay_splitting_lines
D:5:      serial_shops, shop, shop, shop, shop, portal_sewer_entry_f,
          uniq_sigmund
D:6:      minmay_misc_feat_five, nicolae_water_bricks, trog_wizard
D:7:      dancing_weapons_uskayaw
D:8:      kennysheep_mini_moat, david_lair_shrubbed
D:9:      grunt_temple_overflow_gold_and_silver, nicolae_ru_the_path_less_chosen
D:10:     david_orc_2, enter_trove_1, grunt_pizzeria, uniq_fannar, uniq_maurice
D:11:     serial_shops, shop
Lair:1:   lemuel_fruit_fields, grunt_megastairs_4
Lair:2:   wad_woods_river_01
Lair:3:   spider_nest_entry_webs, uniq_nergalle
Lair:4:   shoals_dummy_entry, lemuel_fruit_tree, infiniplex_staircase_pool
Lair:5:   minmay_guarded_unrand_snakebite, uniq_urug, uniq_josephine
Lair:6:   minmay_lair_end_enchanted_forest, dpeg_slime_entry_corner,
          lab_entry_generic, bobbens_dragon_lair_wall, grunt_megastairs_2,
          uniq_kirke
Shoals:1: argonaut_golden_fleece, serial_shops,
          nicolae_shop_temple_entry_statues_fountains
Shoals:2: hangedman_shoals_cup_caves
Spider:1: uniq_aizul
Orc:1:    portal_ice_cave_entry_pillars_1, nicolae_orc_bridge_out
Orc:2:    grunt_orc_community_town_hall, grunt_orc_community_big_house_2,
          grunt_orc_community_big_house_2, grunt_orc_community_house_1,
          grunt_orc_community_house_2, grunt_orc_community_house_2,
          grunt_orc_community_house_3, grunt_orc_community_house_2
Lab:      nicolae_lab_garden
Sewer:    sewer_co_15_rooms
IceCv:    ice_cave_statue_garden_chambered

Skill      XL: |  1  2  3  4  5  6  7  8  9 10 11 12 13 14 |
---------------+-------------------------------------------+-----
Fighting       | 2 5 8 9 10 11 | 11.7
Maces & Flails | 2 3 5 6 7 9 11 12 14 16 17 | 17.0
Invocations    | 1 2 3 4 6 7 8 9 |  9.1
Dodging        | 2 4 6 8 9 |  9.1
Evocations     | 2 6 8 |  8.0
Throwing       | 3 6 |  6.3
Charms         | 3 |  3.0
Translocations | 1 2 |  2.8
Stealth        | |  1.5
Spellcasting   | |  2.4
Necromancy     | |  2.9

Action                   |  1- 3 |  4- 6 |  7- 9 | 10-12 | 13-15 || total
-------------------------+-------+-------+-------+-------+-------++-------
Melee: Unarmed           |    10 |       |       |       |     1 ||    11
       Club              |    20 |       |       |       |       ||    20
       Whip              |    17 |       |       |       |       ||    17
       Morningstar       |       |    66 |    73 |       |       ||   139
       Dire flail        |       |       |   195 |    65 |       ||   260
       Giant club        |       |       |       |   579 |   328 ||   907
 Fire: Blowgun           |       |       |     4 |       |       ||     4
Throw: Tomahawk          |       |       |     9 |    13 |    17 ||    39
 Cast: Pain              |    56 |    11 |    19 |       |       ||    86
       Animate Skeleton  |     6 |     8 |    26 |    84 |    30 ||   154
Evoke: Deck              |       |     4 |     7 |    15 |    17 ||    43
       Wand              |       |       |     4 |    13 |       ||    17
       Rod               |       |       |       |     2 |     8 ||    10
  Use: Scroll            |     6 |       |     4 |    21 |    17 ||    48
       Potion            |     1 |       |     2 |     2 |       ||     5
 Stab: Distracted        |       |     2 |     2 |     6 |     1 ||    11
       Sleeping          |       |       |     2 |     1 |     3 ||     6
       Petrified         |       |       |       |       |     1 ||     1
  Eat: Chunk             |     1 |     4 |     4 |    21 |     6 ||    36
       Fruit             |     1 |       |       |       |     7 ||     8
       Bread ration      |       |       |     2 |     2 |       ||     4
       Beef jerky        |       |       |     1 |     3 |     1 ||     5
       Pizza             |       |       |       |     2 |     1 ||     3
       Royal jelly       |       |       |       |       |     1 ||     1
Armor: Robe              |    31 |    19 |    66 |    91 |     9 ||   216
       Troll leather arm |       |       |       |       |   100 ||   100
Dodge: Dodged            |    58 |    49 |   126 |   322 |   262 ||   817
